 Dungeon Crawl Stone Soup version 0.27.1 (webtiles) character file.

Game seed: 4740364788820701544

134 chaosape the Skirmisher (level 5, 0/43 HPs)
             Began as a Gnoll Wanderer on Aug 22, 2021.
             Succumbed to an adder's poison
             ... on level 3 of the Dungeon.
             The game lasted 00:30:49 (3449 turns).

chaosape the Skirmisher (Gnoll Wanderer)            Turns: 3449, Time: 00:30:49

Health: 0/43       AC:  7    Str: 11    XL:     5   Next: 17%
Magic:  1/9        EV: 11    Int: 16    God:
Gold:   50         SH:  0    Dex:  8    Spells: 6/10 levels left

rFire    . . .     SeeInvis .   a - +2 dagger
rCold    . . .     Faith    .   (no shield)
rNeg     . . .     Spirit   .   A - +1 leather armour
rPois    .         Reflect  .   (no helmet)
rElec    .         Harm     .   k - +2 cloak
rCorr    .         Rampage  .   (no gloves)
Will     .....                  (no boots)
Stlth    ++........             (no amulet)
HPRegen  0.14/turn              (no ring)
MPRegen  0.11/turn              (no ring)

@: lethally poisoned (0 -> -5)
A: fangs 1, strong nose, distributed training
a: no special abilities


You were on level 3 of the Dungeon.
You visited 1 branch of the dungeon, and saw 3 of its levels.

You collected 100 gold pieces.
You spent 50 gold pieces at shops.

Inventory:

Hand Weapons
 a - a +2 dagger (weapon)
 b - a +0 whip
 d - a +0 dagger
 f - a +0 club
 g - a +0 club
 h - a +0 club
 j - a +0 short sword
 m - a +0 club
 n - a +0 dagger
 o - a +1 dagger of speed
 p - a +0 hunting sling
 r - a +0 club
 t - a +0 whip
 v - a +0 dagger
 w - a +0 short sword
 x - a +0 spear
 y - a +0 club
 z - a +0 flail
 B - a +0 dagger
 C - a +0 dagger
 D - a +0 spear
 E - a +0 spear
 F - a +0 club
 G - a +0 quarterstaff
Missiles
 c - 10 poisoned darts (quivered)
 i - 77 bolts
 l - 10 sling bullets
 q - 45 stones
 s - 61 arrows
 u - 7 atropa-tipped darts
Armour
 e - a +0 robe
 k - a +2 cloak (worn)
 A - a +1 leather armour (worn)


   Skills:
 + Level 4.7 Fighting
 + Level 1.4 Short Blades
 + Level 1.4 Long Blades
 + Level 1.4 Axes
 + Level 1.4 Maces & Flails
 + Level 1.4 Polearms
 + Level 2.9 Staves
 + Level 1.4 Slings
 + Level 1.4 Bows
 + Level 1.4 Crossbows
 + Level 2.9 Throwing
 + Level 1.4 Armour
 + Level 2.9 Dodging
 + Level 4.3 Stealth
 + Level 1.4 Shields
 + Level 1.4 Unarmed Combat
 + Level 3.1 Spellcasting
 + Level 1.1 Conjurations
 + Level 1.1 Hexes
 + Level 3.9 Summonings
 + Level 1.1 Necromancy
 + Level 1.1 Translocations
 + Level 1.1 Transmutations
 + Level 1.1 Fire Magic
 + Level 1.1 Ice Magic
 + Level 1.1 Air Magic
 + Level 1.1 Earth Magic
 + Level 1.1 Poison Magic
 + Level 1.5 Invocations
 + Level 1.4 Evocations


You had 6 spell levels left.
You knew the following spells:

 Your Spells              Type           Power      Damage    Failure   Level
a - Summon Small Mammal   Summ           60%        N/A       4%          1
b - Summon Guardian Gole  Hex/Summ       10%        N/A       26%         3

Your spell library contained the following spells:

 Spells                   Type           Power      Damage    Failure   Level
 Dazzling Flash           Conj/Hex       12%        N/A       41%         3
 Agony                    Necr           6%         N/A       99%         5
 Silence                  Hex/Air        3%         N/A       99%         5


Dungeon Overview and Level Annotations

Branches:
Dungeon (3/15)

Altars:

Shops:
D:1 *

Annotations:
D:3 Sigmund


Innate Abilities, Weirdness & Mutations

You have very sharp teeth.
Your uncanny sense of smell can sniff out nearby items.
Your experience applies equally to all skills.


Message History

You hit the adder.
The adder is severely wounded.
You feel sick. Something barely misses your quokka.
Your quokka completely misses the adder.
The adder bites you but does no damage.
Your quokka bites the adder.
You barely miss the adder.
The adder is almost dead.
You feel sick.
Your quokka misses the adder. The adder bites you.
* * * LOW HITPOINT WARNING * * *
You are lethally poisoned!
The adder poisons you!
Your quokka misses the adder. Something barely misses your quokka.
You barely miss the adder.
The adder is almost dead.
* * * LOW HITPOINT WARNING * * *
You feel very sick. The adder bites you but does no damage.
Your quokka closely misses the adder.
Your quokka bites the adder but does no damage.
The adder bites you but does no damage.
You closely miss the adder.
The adder is almost dead.
* * * LOW HITPOINT WARNING * * *
You feel sick.
Your quokka closely misses the adder. x2
Something barely misses your quokka. The adder barely misses you.
Your quokka barely misses the adder.
Unknown command.
You hit the adder but do no damage.
The adder is almost dead.
* * * LOW HITPOINT WARNING * * *
You feel sick.
Your quokka bites the adder.
The adder dies!
Something hits your quokka.
There is a lethal amount of poison in your body!
Unknown command.
* * * LOW HITPOINT WARNING * * *
You feel sick.
Your bat barely misses something.
You aren't carrying any scrolls.
You aren't carrying any potions.
Found a stone staircase leading up.
You die...

####..## ##.......
....... ## .....#
#< #....## #.
####+#...... #.
#......#+#.#
#.####........#.###
#.@.r#..........(.S
####†#.r)....##..##
∆ #rb.............
#...............
#.#.............
#.##...##.......
..#########.....
#### #..... #.....


You could see a friendly quokka (summoned) and a friendly bat (summoned).

Vanquished Creatures
  4 gnolls (D:2)
  4 ball pythons
  An endoplasm (D:2)
  4 goblins
  2 hobgoblins
  2 quokkas (D:2)
  4 kobolds (D:1)
  A rat (D:1)
22 creatures vanquished.

Vanquished Creatures (collateral kills)
  An ogre (D:3)
  2 adders
  2 gnolls (D:2)
  An ufetubus (D:3)
  A dart slug (D:2)
  4 endoplasms
  4 goblins (D:1)
  A hobgoblin (D:1)
  3 quokkas (D:2)
  A bat (D:3)
  2 kobolds (D:2)
  2 rats
24 creatures vanquished.

Vanquished Creatures (others)
  42 plants (D:2)
42 creatures vanquished.

Grand Total: 88 creatures vanquished

Notes
Turn   | Place    | Note
-------+----------+-------------------------------------------
     0 | D:1      | chaosape the Gnoll Wanderer began the quest for the Orb.
     0 | D:1      | chaosape set off with the following items: a +2 dagger, a
                  | potion of berserk rage, 10 poisoned darts, a +0 dagger, a
                  | +0 robe; and the following spell memorised: Summon Small
                  | Mammal; and the following spells available to memorise:
                  | Summon Guardian Golem
     0 | D:1      | Reached XP level 1. HP: 20/20 MP: 4/4
   322 | D:1      | Reached XP level 2. HP: 14/26 MP: 5/5
   585 | D:1      | You fall into a shaft and drop 1 floor!
   654 | D:2      | Reached XP level 3. HP: 5/31 MP: 4/7
  1021 | D:2      | Learned a level 3 spell: Summon Guardian Golem
  1169 | D:2      | Reached skill level 1 in Invocations
  1546 | D:1      | Reached skill level 1 in Short Blades
  1546 | D:1      | Reached skill level 1 in Long Blades
  1546 | D:1      | Reached skill level 1 in Axes
  1546 | D:1      | Reached skill level 1 in Maces & Flails
  1546 | D:1      | Reached skill level 1 in Polearms
  1546 | D:1      | Reached skill level 1 in Slings
  1546 | D:1      | Reached skill level 1 in Bows
  1546 | D:1      | Reached skill level 1 in Crossbows
  1546 | D:1      | Reached skill level 1 in Armour
  1546 | D:1      | Reached skill level 1 in Shields
  1546 | D:1      | Reached skill level 1 in Unarmed Combat
  1546 | D:1      | Reached skill level 1 in Evocations
  1671 | D:1      | Found Moegg's Assorted Antiques.
  1681 | D:1      | Bought a leather armour for 50 gold pieces
  2208 | D:2      | Reached XP level 4. HP: 20/38 MP: 1/8
  3354 | D:3      | Noticed an ogre
  3365 | D:3      | Killed an ogre
  3366 | D:3      | Reached skill level 1 in Conjurations
  3366 | D:3      | Reached skill level 1 in Hexes
  3366 | D:3      | Reached skill level 1 in Necromancy
  3366 | D:3      | Reached skill level 1 in Translocations
  3366 | D:3      | Reached skill level 1 in Transmutations
  3366 | D:3      | Reached skill level 1 in Fire Magic
  3366 | D:3      | Reached skill level 1 in Ice Magic
  3366 | D:3      | Reached skill level 1 in Air Magic
  3366 | D:3      | Reached skill level 1 in Earth Magic
  3366 | D:3      | Reached skill level 1 in Poison Magic
  3366 | D:3      | Reached XP level 5. HP: 20/43 MP: 2/9
  3420 | D:3      | Noticed Sigmund
  3447 | D:3      | HP: 1/43 [poisoned by an adder]
  3449 | D:3      | Succumbed to an adder's poison

Illustrated notes

Levels and vault maps discovered:
D:1:      dpeg_arrival_renting, layout_loops_corners, serial_shops, shop,
          st_stairs_8
D:2:      wad_woods_tower, layout_basic, serial_park_tiny_1
D:3:      minmay_spotlight, layout_basic,
          shapermc_ecumenical_altar_mp_urbaneastern, minmay_cupped,
          uniq_sigmund, uniq_terence

Skill      XL: |  1  2  3  4 |
---------------+-------------+-----
Invocations    | 1 |  1.5
Short Blades   | 1 |  1.4
Long Blades    | 1 |  1.4
Axes           | 1 |  1.4
Maces & Flails | 1 |  1.4
Polearms       | 1 |  1.4
Slings         | 1 |  1.4
Bows           | 1 |  1.4
Crossbows      | 1 |  1.4
Armour         | 1 |  1.4
Shields        | 1 |  1.4
Unarmed Combat | 1 |  1.4
Evocations     | 1 |  1.4
Spellcasting   | 3 |  3.1
Conjurations   | 1 |  1.1
Hexes          | 1 |  1.1
Necromancy     | 1 |  1.1
Translocations | 1 |  1.1
Transmutations | 1 |  1.1
Fire Magic     | 1 |  1.1
Ice Magic      | 1 |  1.1
Air Magic      | 1 |  1.1
Earth Magic    | 1 |  1.1
Poison Magic   | 1 |  1.1
Fighting       | |  4.7
Staves         | |  2.9
Throwing       | |  2.9
Dodging        | |  2.9
Stealth        | |  4.3
Summonings     | |  3.9

Action                   |  1- 3 |  4- 6 || total
-------------------------+-------+-------++-------
Melee: Dagger            |    87 |    20 ||   107
       Bite              |     5 |       ||     5
 Cast: Summon Small Mamm |    64 |    34 ||    98
  Use: Potion            |     1 |     1 ||     2
       Scroll            |       |     1 ||     1
 Stab: Sleeping          |     3 |       ||     3
Armor: Robe              |    25 |       ||    25
       Leather armour    |     3 |    20 ||    23
Dodge: Dodged            |    74 |    37 ||   111
